 Dungeon Crawl Stone Soup version 0.29-a0-490-g77b3608bb8 (webtiles) character file.

Game seed: 997581632338997921

133 siradein the Skirmisher (level 5, -2/59 HPs)
             Began as an Ogre Berserker on May 26, 2022.
             Was a Believer of Trog.
             Killed from afar by an orc wizard (11 damage)
             ... with a puff of flame
             ... on level 4 of the Dungeon.
             The game lasted 00:08:41 (2977 turns).

siradein the Skirmisher (Ogre Berserker)            Turns: 2977, Time: 00:08:41

Health: -2/59      AC:  3    Str: 23    XL:     5   Next: 16%
Magic:  5/5        EV: 10    Int:  8    God:    Trog [**....]
Gold:   142        SH:  0    Dex:  8    Spells: 4/4 levels left

rFire   . . .      SeeInvis .   a - +0 spear
rCold   . . .      Faith    .   (no shield)
rNeg    . . .      Spirit   .   b - +0 animal skin
rPois   .          Reflect  .   (helmet restricted)
rElec   .          Harm     .   (no cloak)
rCorr   .          Rampage  .   (gloves unavailable)
Will    .....                   (boots unavailable)
Stlth   +.........              (no amulet)
HPRegen 0.19/turn               (no ring)
MPRegen 0.09/turn               (no ring)

@: on berserk cooldown, slowed, very slow
A: large, unfitting armour, tough skin 1
a: Renounce Religion, Berserk, Trog's Hand


You were on level 4 of the Dungeon.
You worshipped Trog.
Trog was pleased with you.
You visited 1 branch of the dungeon, and saw 4 of its levels.

You collected 142 gold pieces.

Inventory:

Hand Weapons
 a - a +0 spear (weapon)
Missiles
 f - 90 stones (quivered)
 h - 4 boomerangs
 o - 6 javelins
Armour
 b - a +0 animal skin (worn)
Scrolls
 c - a scroll of silence {unknown}
 d - a scroll of blinking {unknown}
 e - 3 scrolls of teleportation {unknown}
 j - 2 scrolls of immolation {unknown}
 n - a scroll of fog {unknown}
 p - a scroll of acquirement {unknown}
Potions
 g - 3 potions of curing
 i - a potion of mutation
 k - a potion of haste {unknown}
 l - a potion of magic
 m - a potion of might {unknown}


   Skills:
 + Level 6.0 Fighting
 + Level 4.5 Polearms
 - Level 2.6 Dodging


You had 4 spell levels left.
You didn't know any spells.
Your spell library was empty.

Dungeon Overview and Level Annotations

Branches:
Dungeon (4/15)
 Temple: D:4-7

Altars:
Dithmenos
Kikubaaqudgha
Trog
Xom

Annotations:
D:4 Menkaure


Innate Abilities, Weirdness & Mutations

You are too large for most types of armour.
You have tough skin. (AC +1)


Message History

You bump into the rock wall.
You feel less confused.
You hear some strange, mumbled words.
Something tries to affect you, but you resist.
You completely miss something. Something hits you. x2
You puncture something! Something hits you.
The orc throws a stone.
The stone hits you but does no damage.
You closely miss something. Something hits you but does no damage.
Something hits you.
You closely miss something. Something hits you.
You closely miss something. Something hits you but does no damage.
You hit something. Something hits you but does no damage. Something hits you.
You closely miss something.
You hear some strange, mumbled words.
A puff of flame appears from out of thin air!
The puff of flame hits you!
* * * LOW HITPOINT WARNING * * *
The orc throws a stone.
The stone hits you.
* * * LOW HITPOINT WARNING * * *
You hear some strange, mumbled words.
Things that are here:
a +0 hand axe; a +0 leather armour; an orc corpse Something hits you.
* * * LOW HITPOINT WARNING * * *
A puff of flame appears from out of thin air!
The puff of flame hits you.
* * * LOW HITPOINT WARNING * * *
The orc throws a stone.
The stone hits you.
* * * LOW HITPOINT WARNING * * *
There is an open door here.
An orc wizard appears from thin air!
Reactivating autopickup.
The orc wizard points at you and mumbles some strange words.
The puff of flame hits something but does no damage.
Something hits the orc wizard.
The orc wizard points at you and mumbles some strange words.
You resist with some effort.
The orc wizard points at you and mumbles some strange words.
The puff of flame hits you!
You die...

# ##.# #.#o# #.. .
##.##.. ####..# #.#.#
#.# ....... ......#
#.#.# #.# #.##..
###...###.#.####.#
##.##..
.............o...###.##
.......
###...###.#.##.........
.......
.................#....
##.#...
###..............# P..
# #...
#.........##..@#.PP.
.....#.
#...###.#.##...#.PP.
.#.#.#.
#.................PP
.......
#...###.#.##...._.PP
####.#.
...................PP
..#.
...................PP.
...#.
###.....###.##.....P..
.....
...#####.##....PP..P
.....
...............P..P
......


You could see an orc wizard.

Vanquished Creatures
  A jelly (D:1)
  An orc wizard (D:4)
  A worm (D:2)
  3 dart slugs
  5 orcs
  10 endoplasms
  7 giant cockroaches
  A goblin (D:2)
  2 hobgoblins (D:2)
  4 jackals (D:1)
  2 quokkas
  5 ball pythons
  2 bats
  3 frilled lizards
  8 kobolds
  7 rats
62 creatures vanquished.

Notes
Turn   | Place    | Note
-------+----------+-------------------------------------------
     0 | D:1      | siradein the Ogre Berserker began the quest for the Orb.
     0 | D:1      | Reached XP level 1. HP: 24/24 MP: 1/1
     0 | D:1      | Noticed a jelly
     1 | D:1      | Found a runed translucent door.
   618 | D:1      | Reached XP level 2. HP: 25/33 MP: 2/2
  1261 | D:2      | Reached XP level 3. HP: 41/41 MP: 3/3
  1543 | D:2      | You fall into a shaft and drop 2 floors!
  1624 | D:4      | Reached skill level 5 in Fighting
  1650 | D:4      | Noticed Menkaure
  1779 | D:2      | Reached ** piety under Trog
  1896 | D:1      | Reached XP level 4. HP: 33/50 MP: 4/4
  2306 | D:3      | Found a bloodstained altar of Trog.
  2306 | D:3      | Found a shimmering altar of Xom.
  2306 | D:3      | Found a shadowy altar of Dithmenos.
  2872 | D:4      | Found an ancient bone altar of Kikubaaqudgha.
  2947 | D:4      | Reached skill level 6 in Fighting
  2947 | D:4      | Reached XP level 5. HP: 53/59 MP: 5/5
  2977 | D:4      | Killed from afar by an orc wizard

Illustrated notes

Levels and vault maps discovered:
D:1:      dpeg_arrival_caged_fury, layout_basic
D:2:      layout_basic, minmay_misc_feat_doors
D:3:      layout_basic, chequers_temple_overflow_statue_of_worship
D:4:      layout_basic, mainiacjoe_overflow_catch_the_wave, st_stairs_6,
          uniq_sigmund, uniq_menkaure

Skill      XL: |  1  2  3  4 |
---------------+-------------+-----
Fighting       | 5 6 |  6.0
Polearms       | 4 |  4.5
Dodging        | |  2.6

Action                   |  1- 3 |  4- 6 || total
-------------------------+-------+-------++-------
Melee: Spear             |   150 |   118 ||   268
Invok: Berserk           |       |     1 ||     1
  Use: Scroll            |     3 |       ||     3
 Stab: Sleeping          |     2 |       ||     2
Armor: Animal skin       |    31 |    23 ||    54
Dodge: Dodged            |    56 |    34 ||    90

Table legend: (Time is in decaauts)
 A = Elapsed time spent in this place.
 B = Non-inter-level travel time spent in this place.
 C = Inter-level travel time spent in this place.
 D = Time resting spent in this place.
 E = Time spent auto-exploring this place.
 F = Levels seen in this place.
 G = Mean time per level.
                   A        B        C        D        E       F      G
               +--------+--------+--------+--------+--------+-----+--------+
         Total |   2964 |   2906 |     58 |      2 |   2349 |   4 |  741.0 |
       Dungeon |   2964 |   2906 |     58 |      2 |   2349 |   4 |  741.0 |
               +--------+--------+--------+--------+--------+-----+--------+

Top non-repeatable levels by time:
     D:1: 1313 daAuts
     D:2: 748 daAuts
     D:3: 657 daAuts
     D:4: 244 daAuts
